 Dungeon Crawl Stone Soup version 0.20-a0-1000-g0e8f6bb (webtiles) character file.

2617 Rrauwl the Gusty (level 9, -2/64 HPs)
             Began as a Bultungin Air Elementalist on Apr 12, 2017.
             Was an Initiate of Sif Muna.
             Killed from afar by an orc wizard (3 damage)
             ... with a magic dart
             ... on level 7 of the Dungeon.
             The game lasted 00:43:00 (7878 turns).

Rrauwl the Gusty (Bultungin Air Elementalist)       Turns: 7878, Time: 00:43:01

Health: -2/64      AC:  3    Str: 13    XL:     9   Next: 60%
Magic:  10/20      EV: 13    Int: 17    God:    Sif Muna [......]
Gold:   466        SH:  0    Dex: 15    Spells: 15/23 levels left

rFire    . . .     SeeInvis +   b - +0 hunting sling
rCold    + . .     Gourm    .   (no shield)
rNeg     . . .     Faith    .   z - +0 robe
rPois    .         Spirit   .   (helmet restricted)
rElec    .         Reflect  .   (no cloak)
rCorr    .         Harm     .   (no gloves)
MR       .....     Rnd*Tele +   h - +0 pair of boots
Stlth    ++........             q - amulet of magic regeneration
Regen    0.2/turn               s - +5 ring of strength
MPRegen  0.3/turn               w - ring of protection from cold

@: marked, drained
A: short attention span, fangs 1, horns 1, see invisible, frail 1, teleportitis
2, strong nose
a: Renounce Religion


You were on level 7 of the Dungeon.
You worshipped Sif Muna.
Sif Muna was noncommittal.
You were hungry.

You visited 2 branches of the dungeon, and saw 8 of its levels.
You also visited: Ossuary.

You collected 466 gold pieces.

Inventory:

Hand Weapons
 a - the +1 spear of Nemelex Xobeh's Esteem {flame, +Inv rPois MP+9}
   (You found it on level 4 of the Dungeon)

   It has been specially enchanted to burn those struck by it, causing extra
   injury to most foes and up to half again as much damage against particularly
   susceptible opponents.
   It protects you from poison.
   It affects your magic capacity (+9).
   It lets you turn invisible.
 b - a +0 hunting sling (weapon)
 c - a +0 rapier of distortion
 f - a +3 scythe of protection
 F - a +0 great sword of holy wrath
Missiles
 k - 365 stones (quivered)
 t - 16 sling bullets
Armour
 h - a +0 pair of boots (worn)
 p - a +0 helmet
 z - a +0 robe (worn)
Jewellery
 q - an amulet of magic regeneration (around neck)
 s - a +5 ring of strength (left hand)
 w - a ring of protection from cold (right hand)
 A - an uncursed ring of stealth
Wands
 m - a wand of lightning (5/15)
 B - a wand of polymorph (7/24)
Scrolls
 n - a scroll of amnesia
 y - 5 scrolls of identify
Potions
 e - a potion of magic
 i - 2 potions of invisibility
 o - 2 potions of haste
 x - 2 potions of curing
 C - a potion of brilliance
 D - a potion of berserk rage
 E - a potion of lignification
Books
 g - a book of Air

   Spells                             Type                      Level
   a - Shock                          Conjuration/Air              1
   b - Swiftness                      Charms/Air                   2
   c - Static Discharge               Conjuration/Air              3
   d - Airstrike                      Air                          4
   e - Lightning Bolt                 Conjuration/Air              5
Comestibles
 d - 5 royal jellies
 j - 7 chunks of flesh
 l - a bread ration
 u - 2 meat rations


   Skills:
 + Level 7.2(6.2) Fighting
 + Level 6.2(5.2) Slings
 - Level 3.0(2.1) Dodging
 - Level 2.6(1.8) Stealth
 + Level 7.7(6.8) Spellcasting
 + Level 7.0(6.0) Conjurations
 + Level 6.2(5.2) Charms
 + Level 7.8(6.8) Air Magic
 + Level 6.4(5.5) Evocations


You had 15 spell levels left.
You knew the following spells:

 Your Spells              Type           Power        Failure   Level  Hunger
a - Shock                 Conj/Air       ####         1%          1    None
b - Swiftness             Chrm/Air       ####....     1%          2    None
c - Lightning Bolt        Conj/Air       ####......   24%         5    #####..


Dungeon Overview and Level Annotations

Branches:
Dungeon (7/15)             Temple (1/1) D:6

Altars:
Ashenzari
Cheibriados
Dithmenos
Elyvilon
Fedhas
Gozag
Hepliaklqana
Kikubaaqudgha
Makhleb
Nemelex Xobeh
Okawaru
Qazlal
Ru
Sif Muna
Trog
Uskayaw
Vehumet
Xom
Yredelemnul
Zin
The Shining One


Innate Abilities, Weirdness & Mutations

You have a short attention span.
You have very sharp teeth.
You have supernaturally acute eyesight. (SInv)
Your uncanny sense of smell can sniff out nearby items.
You have a pair of small horns on your head.
You are frail. (-10% HP)
You are sometimes teleported next to monsters.


Message History

A kobold comes into view.
Casting: Lightning Bolt
Confirm with . or Enter, or press ? or * to list all spells.
Aiming: Lightning Bolt
Press: ? - help, Shift-Dir - straight line, f/p - orc wizard
Aim: an orc wizard, wielding a dagger of electrocution and wearing a robe (blue smoke, moderately wounded, fast)
You hear a mighty clap of thunder!
The bolt of lightning hits the orc wizard.
The orc wizard is heavily wounded.
You are feeling hungry.
The orc wizard hits you with a dagger of electrocution.
* * * LOW HITPOINT WARNING * * *
You are electrocuted!
* * * LOW HITPOINT WARNING * * *
The jackal barely misses you. The wight hits you with a hand axe.
* * * LOW HITPOINT WARNING * * *
The wight closely misses you. The wight barely misses you.
The orc wizard casts a spell at you. The magic dart hits you!
You die...

#.........((...
#......(..K...#
#.......o..(..#
#......o......#
#....(F.......#
#..[.cK.......#
##..oh5....%...#
∆
#..hoh##########
#..hz@#....oo.#
#..§zz#.<.ooo.#
#...§z#..[......
#.....##########
#.....#....?..#
#....z#.......#
#.....#.......#
#....z#.......#
#.....'.......#


You could see a big kobold, a bullfrog, a centaur, 4 wights, 2 orc wizards, a
crimson imp, 2 orcs, 4 jackals and a kobold.

Vanquished Creatures
  Grinder (D:4)
  Sigmund (D:4)
  Eustachio (D:4)
  A sky beast (D:5)
  An orc warrior (D:6)
  2 phantoms
  An ice beast (D:5)
  An ogre (D:4)
  2 centaurs (D:5)
  Blork the orc (D:4)
  A bullfrog (D:6)
  A gnoll sergeant (D:5)
  A water moccasin zombie (D:5)
  A howler monkey (D:5)
  2 crimson imps (D:6)
  A centaur zombie (D:6)
  A hound (D:4)
  A bullfrog zombie (D:6)
  2 jellies
  3 orc priests
  3 iguanas
  8 orc wizards
  3 worker ants
  8 big kobold zombies (Ossuary)
  A mummy (Ossuary)
  A worker ant zombie (D:6)
  5 gnolls (D:5)
  8 adders
  An ooze (D:3)
  4 worms
  A dart slug (D:1)
  2 leopard geckos
  29 orcs
  2 spectral bats (Ossuary)
  3 giant cockroaches
  4 gnoll zombies (Ossuary)
  17 goblins
  13 hobgoblins
  13 jackals
  5 kobolds
  3 quokkas
  4 ball pythons
  7 bats
  3 bat simulacra (Ossuary)
  7 frilled lizards
  A goblin simulacrum (Ossuary)
  5 goblin zombies (Ossuary)
  2 hobgoblin zombies (Ossuary)
  A kobold simulacrum (Ossuary)
  6 kobold zombies (Ossuary)
  5 orc zombies (Ossuary)
  6 rats
  5 rat simulacra (Ossuary)
  3 spectral goblins (Ossuary)
  5 spectral kobolds (Ossuary)
  A spectral rat (Ossuary)
221 creatures vanquished.

Notes
Turn   | Place    | Note
-------+----------+-------------------------------------------
     0 | D:1      | Rrauwl the Bultungin Air Elementalist began the quest for the Orb.
     0 | D:1      | Reached XP level 1. HP: 13/13 MP: 4/4
   120 | D:1      | Reached skill level 1 in Fighting
   158 | D:1      | Reached XP level 2. HP: 21/21 MP: 2/6
   618 | D:1      | Reached XP level 3. HP: 27/27 MP: 5/8
   622 | D:1      | Learned a level 2 spell: Swiftness
  1036 | D:2      | Reached skill level 5 in Air Magic
  1061 | D:2      | Reached XP level 4. HP: 33/34 MP: 5/10
  2075 | D:3      | Reached XP level 5. HP: 28/41 MP: 9/12
  2231 | D:4      | Got a smoking spear
  2232 | D:4      | Identified the cursed +1 spear of Nemelex Xobeh's Esteem {flame, +Inv rPois MP+9} (You found it on level 4 of the Dungeon)
  2237 | D:4      | Found a hide-covered altar of Uskayaw.
  2237 | D:4      | Noticed a hand axe
  2238 | D:4      | Noticed a dagger
  2265 | D:4      | Reached skill level 1 in Slings
  2559 | D:4      | Noticed Sigmund
  2623 | D:4      | Killed Sigmund
  2623 | D:4      | Reached skill level 5 in Spellcasting
  2623 | D:4      | Reached skill level 1 in Evocations
  2623 | D:4      | Reached XP level 6. HP: 48/48 MP: 13/13
  2630 | D:4      | Learned a level 5 spell: Lightning Bolt
  3057 | D:4      | Noticed Blork the orc
  3058 | D:4      | Noticed Eustachio
  3073 | D:4      | Noticed Grinder
  3302 | D:4      | Killed Eustachio
  3302 | D:4      | Reached XP level 7. HP: 55/55 MP: 15/15
  3358 | D:4      | Killed Blork the orc
  3639 | D:4      | Gained mutation: You are frail. (-10% HP) [potion of mutation]
  3639 | D:4      | Gained mutation: You are occasionally teleported next to monsters. [potion of mutation]
  3639 | D:4      | Gained mutation: You are sometimes teleported next to monsters. [potion of mutation]
  3639 | D:4      | Gained mutation: You have a pair of small horns on your head. [potion of mutation]
  3641 | D:4      | Paralysed by Grinder for 7 turns
  3657 | D:4      | Killed Grinder
  3657 | D:4      | Reached skill level 5 in Conjurations
  3657 | D:4      | Reached XP level 8. HP: 42/54 MP: 17/17
  3852 | D:4      | Reached skill level 5 in Fighting
  3997 | D:4      | Found an ancient bone altar of Kikubaaqudgha.
  4472 | D:5      | Entered Level 5 of the Dungeon
  4473 | D:5      | Found an opulent altar of Gozag.
  4721 | D:5      | Found a radiant altar of Vehumet.
  4749 | D:5      | Found a burning altar of Makhleb.
  4757 | D:5      | Found an opulent altar of Gozag.
  4760 | D:5      | Found a white marble altar of Elyvilon.
  4830 | D:5      | Found a sand-covered staircase.
  4892 | Ossuary  | Entered an ossuary
  5114 | Ossuary  | Reached skill level 5 in Charms
  5275 | Ossuary  | Reached skill level 5 in Slings
  5865 | D:5      | Reached skill level 5 in Evocations
  5865 | D:5      | Reached XP level 9. HP: 36/63 MP: 13/19
  6775 | D:6      | Found a staircase to the Ecumenical Temple.
  6788 | Temple   | Entered the Ecumenical Temple
  6938 | Temple   | Became a worshipper of Sif Muna the Loreminder
  7878 | D:7      | HP: 1/64 [wight/hand axe (4)]
  7878 | D:7      | Killed from afar by an orc wizard

Vault maps used:
D:1:      minmay_arrival_cross, serial_bayou_pond_a
D:3:      cheibrodos_greedy_goblins
D:4:      kiku_gazebo_pond_becter, dancing_weapons_uskayaw, first_bread,
          uniq_blork_the_orc, uniq_grinder, uniq_sigmund, uniq_eustachio
D:5:      grunt_temple_overflow_cloverleaf, nicolae_ossuary_entry_monument,
          minmay_misc_feat_four_crosses, roderic_filled_cross,
          solitary_fountain, roderic_three_in_a_row,
          nicolae_gozag_cash_rules_everything_around_me
D:6:      minmay_temple_entry_glassed_door
D:7:      serial_shops, shop, grunt_livestock, kennysheep_decorative_pillar
Temple:   regret_index_temple_waves
Ossuary:  ossuary_zaba_two_paths

Skill      XL: |  1  2  3  4  5  6  7  8  9 |
---------------+----------------------------+-----
Fighting       | 1 2 3 4 6 7 |  7.2
Conjurations   | 2 3 4 5 6 7 |  7.0
Spellcasting   | 4 5 6 7 |  7.7
Air Magic      | 5 6 7 |  7.8
Slings         | 2 3 4 5 6 |  6.2
Charms         | 2 3 4 5 6 |  6.2
Evocations     | 1 2 3 5 6 |  6.4
Dodging        | |  3.0
Stealth        | |  2.6

Action                   |  1- 3 |  4- 6 |  7- 9 || total
-------------------------+-------+-------+-------++-------
Melee: Unarmed           |    70 |       |       ||    70
       Bite              |     4 |     7 |    50 ||    61
       Spear             |       |    32 |   407 ||   439
       Headbutt          |       |       |    71 ||    71
 Fire: Hunting sling     |       |    87 |    74 ||   161
Throw: Stone             |       |     1 |       ||     1
 Cast: Shock             |    45 |    43 |    90 ||   178
       Lightning Bolt    |       |       |     9 ||     9
  Use: Scroll            |       |     4 |     8 ||    12
       Potion            |       |     3 |    12 ||    15
 Stab: Sleeping          |     1 |     1 |    19 ||    21
  Eat: Chunk             |       |     6 |    12 ||    18
       Bread ration      |       |     1 |       ||     1
       Fruit             |       |       |     3 ||     3
Armor: Robe              |    22 |    10 |    59 ||    91
Dodge: Dodged            |    65 |    48 |   256 ||   369
